Map: Hard Lead LE

Players

Subwayeatn

  • Race: Zerg Zerg
  • League: Platinum
  • Spawn Location: 5:00

warthree - Winner!

  • Race: Zerg Zerg
  • Spawn Location: 11:00

VOD

Have the link to the VOD?

Description

Time

  • Played on: Nov. 8, 2023, 1:56 p.m.
  • Length: 8:18
Show
View Real Time Build Order
Export as new Build Order

Subwayeatn Zerg 

Build Orders: Pool First 

Get SALT Encoding   

  12  0:00  Drone  
  13  0:08  Drone  
  14  0:17  Extractor  
  13  0:27  Spawning Pool  
  12  0:57  Hatchery  
  11  1:15  Queen  
  13  1:34  Metabolic Boost  
  13  1:36  Overlord  
  13  1:45  Zergling x2  
  14  1:55  Zergling x4  
  16  2:01  Zergling x2  
  17  2:09  Queen  
  17  2:13  Zergling x2  
  20  2:17  Zergling x2  
  20  2:21  Zergling x2  
  22  2:26  Zergling x2  
  23  2:32  Zergling x2  
  23  2:35  Zergling x2  
  25  2:40  Zergling x2  
  26  2:56  Zergling x4  
  24  3:25  Zergling x2  
  24  3:26  Zergling x6  
  26  3:41  Queen  
  21  3:50  Overlord  
  21  3:56  Drone x4  
  24  4:10  Zergling x8  
  28  4:24  Zergling x8  
  32  4:42  Queen  
  32  4:44  Queen  
  36  4:49  Overlord  
  36  5:14  Overlord  
  36  5:16  Zergling x12  
  42  5:31  Zergling x2  
  42  5:32  Zergling x2  
  36  5:52  Zergling x16  
  37  6:30  Zergling x2  
  37  6:31  Zergling x12  
  35  6:49  Zergling x2  
  35  6:50  Zergling x4, Queen  
  40  6:55  Queen  
  29  7:22  Zergling x8  
  31  7:23  Zergling x6  
  30  7:32  Zergling x12  
Show
View Real Time Build Order
Export as new Build Order

warthree Zerg - Winner!

Build Orders: Hatch First 

Get SALT Encoding   

  12  0:00  Drone  
  13  0:09  Drone  
  13  0:14  Extractor  
  13  0:16  Drone  
  15  0:23  Overlord  
  15  0:41  Drone x2  
  17  0:43  Drone  
  18  1:01  Hatchery  
  17  1:12  Spawning Pool  
  17  1:15  Extractor  
  15  1:22  Drone  
  15  1:23  Drone  
  17  1:30  Overlord  
  17  1:41  Drone  
  18  2:00  Roach Warren, Queen  
  19  2:01  Zergling x2  
  20  2:13  Drone  
  20  2:14  Queen  
  23  2:21  Overlord  
  23  2:28  Drone  
  24  2:30  Drone  
  25  2:40  Roach  
  25  2:41  Roach  
  29  2:44  Roach  
  29  2:51  Roach  
  33  2:57  Roach  
  35  2:58  Roach  
  35  3:10  Roach  
  35  3:11  Roach  
  36  3:15  Roach  
  38  3:28  Overlord  
  38  3:29  Extractor  
  37  3:44  Extractor, Overlord  
  34  3:53  Drone x3  
  34  3:55  Roach x3  
  43  4:02  Queen  
  44  4:20  Drone x2  
  44  4:21  Drone x3  
  44  4:23  Drone x2  
  51  4:41  Overlord x2  
  51  4:59  Roach x2  
  59  5:00  Roach x4  
  59  5:06  Roach x2  
  67  5:25  Overlord  
  67  5:27  Overlord  
  67  5:39  Roach  
  67  5:40  Roach x3  
  67  5:41  Roach  
  65  5:49  Roach x3  
  63  5:59  Roach x3  
  69  6:06  Roach x2  
  73  6:15  Roach x2  
  73  6:16  Roach  
  75  6:21  Roach  
  73  6:35  Roach x4  
  77  6:41  Roach  
  77  6:44  Drone  
  77  6:45  Drone  
  67  7:01  Roach x4  
  75  7:07  Roach x2  
  65  7:20  Roach x2  
  67  7:37  Roach x2  
  71  7:45  Roach x2  
  71  7:48  Roach  
Tags
 
League
Platinum
Matchup
ZvZ
Race
Zerg
Replay Pack
Multiplayer
Spawn Locations
Cross Positions
Add a new tag
Caveats
  • Supply blocks, unpowered buildings, or Contaminate may cause inaccurate times.
  • Supply counts are checked every 10 seconds.